 Dungeon Crawl Stone Soup version 0.32-a0-468-g38b2580584 (webtiles) character file.

Game seed: 10503903502605000189

65 ezpacito the Trooper (level 3, -5/29 HPs)
             Began as a Demonspawn Chaos Knight on Feb 24, 2024.
             Was a Plaything of Xom.
             Slain by a gnoll
             ... wielding a +0 halberd
              (9 damage)
             ... on level 2 of the Dungeon.
             The game lasted 00:01:27 (1043 turns).

ezpacito the Trooper (Demonspawn Chaos Knight)      Turns: 1043, Time: 00:01:27

Health: -5/29      AC:  6    Str: 11 (14) XL:     3   Next: 92%
Magic:  3/4        EV: 11    Int: 11 (12) God:    Xom [..*...]
Gold:   34         SH:  0    Dex:  9 (12) Spells: 3/3 levels left

rFire   . . .        a - +0 hand axe (chaos)
rCold   . . .        (no shield)
rNeg    . . .        b - +2 leather armour
rPois   .            (no helmet)
rElec   .            (no cloak)
rCorr   .            f - +0 pair of gloves
SInv    .            (no boots)
Will    .....        (no amulet)
Stlth   +            (no ring)
HPRegen 0.24/turn    (no ring)
MPRegen 0.09/turn

%: no passive effects
@: no status effects
A: ignite blood 1, weakness stinger 1
a: Renounce Religion


You were on level 2 of the Dungeon.
You worshipped Xom.
You were a toy of Xom.
You visited 1 branch of the dungeon, and saw 2 of its levels.

You collected 34 gold pieces.

Inventory:

Hand Weapons
 a - a +0 hand axe of chaos (weapon)
Armour
 b - a +2 leather armour (worn)
 d - a +0 scale mail
 f - a +0 pair of gloves (worn)
Scrolls
 i - a scroll of fear {unknown}
 j - a scroll of enchant weapon {unknown}
 k - a scroll of teleportation {unknown}
Potions
 h - a potion of might {unknown}


   Skills:
 * Level 3.2 Fighting
 * Level 3.0(3.1) Axes
 + Level 0.4(2.0) Polearms
 * Level 2.2 Armour
 * Level 1.4 Dodging
 + Level 0.7 Stealth
 * Level 1.0 Unarmed Combat
 * Level 0.7 Spellcasting


You had 3 spell levels left.
You didn't know any spells.
Your spell library contained the following spells:

 Spells                   Type           Power      Damage    Failure   Level
 Magic Dart               Conj           0%         1d3       41%         1
 Summon Small Mammal      Summ           0%         N/A       41%         1
 Ensorcelled Hibernation  Hex/Ice        0%         N/A       54%         2
 Searing Ray              Conj           0%         2d4       54%         2
 Call Canine Familiar     Summ           0%         N/A       78%         3
 Fugue of the Fallen      Necr           0%         N/A       78%         3
 Sigil of Binding         Hex            0%         N/A       78%         3
 Tukima's Dance           Hex            0%         N/A       78%         3
 Anguish                  Hex/Necr       0%         N/A       99%         4
 Dimensional Bullseye     Hex/Tloc       0%         N/A       99%         4
 Fulminant Prism          Conj/Alch      0%         3d5       99%         4
 Iskenderun's Mystic Bla  Conj/Tloc      0%         2d3       99%         4
 Summon Blazeheart Golem  Fire/Summ      0%         N/A       99%         4
 Summon Forest            Summ/Tloc      0%         N/A       100%        5
 Eringya's Noxious Bog    Alch           0%         4d6       100%        6
 Haunt                    Necr/Summ      0%         N/A       100%        7
 Summon Hydra             Summ           0%         N/A       100%        7
 Borgnjor's Revivificati  Necr           0%         N/A       100%        8
 Death's Door             Necr           0%         N/A       100%        9


Dungeon Overview and Level Annotations

Branches:
Dungeon (2/15)

Altars:


Innate Abilities, Weirdness & Mutations

Your demonic aura sometimes causes spilled blood to erupt in flames.
You have a small tail.


Message History

Your butterfly disappears in a burst of colours!
The gnoll is poisoned. x3
The gnoll looks even sicker. x2
Your toxic aura wanes.
You kill the gnoll!
Your life force feels restored.
The gnoll looks more healthy.
The gnoll attacks as it pursues you! The gnoll closely misses you.
The gnoll attacks as it pursues you! The gnoll closely misses you.
The gnoll completely misses you. The gnoll closely misses you.
The gnoll misses you.
You barely miss the gnoll.
The gnoll is heavily wounded.
The gnoll hits you with a +0 halberd. The gnoll barely misses you.
You hit the gnoll.
You feel better.
The gnoll is severely wounded.
The gnoll hits you but does no damage. The gnoll closely misses you.
You hit the gnoll but do no damage.
The gnoll becomes as fragile as glass!
The gnoll is severely wounded.
You hit the gnoll.
You kill the gnoll!
The gnoll hits you from afar with a +0 spear.
The gnoll hits you with a +0 halberd!
* * * LOW HITPOINT WARNING * * *
Your Unarmed Combat skill increases to level 1!
The gnoll barely misses you. The gnoll attacks as it pursues you!
The gnoll hits you from afar with a +0 halberd.
* * * LOW HITPOINT WARNING * * *
You kill the gnoll!
Okay, then.
As you read the scroll labelled KARAF UTUAGOGUG, it crumbles to dust.
It is a scroll of brand weapon.
Okay, then.
The gnoll misses you.
It was a potion of degeneration.
There was something very wrong with that liquid.
You feel weakened.
You feel dopey.
You feel clumsy.
The gnoll hits you from afar with a +0 halberd!
You die...

.##.# ..........####.#)#
.##.# ......†........#.#
.##.# .............b..)#
.##.# #######...#####..#
.##.# ###.......#..#
.##.# #...#####.#..#
.##.# #.#.# #<#.g#
.##.#### #.#.#######).#
.......# #.....@.g..).##
.......####.............#
.......#............#.#.#
.........###........#.#.#
###.....## #..........#.#
#.##### #............#
##.# #.......###### ...#
###.##### .#.# #.#


You could see a gnoll (vitrified).

Vanquished Creatures
  3 gnolls (D:2)
  A dart slug (D:1)
  A ribbon worm (D:2)
  A ball python (D:2)
  An endoplasm (D:1)
  3 giant cockroaches (D:1)
  2 goblins
  2 hobgoblins (D:1)
  6 jackals (D:1)
  3 kobolds
  A quokka (D:1)
  2 bats (D:1)
  2 frilled lizards (D:1)
  2 rats
30 creatures vanquished.

Notes
Turn   | Place    | Note
-------+----------+-------------------------------------------
     0 | D:1      | ezpacito the Demonspawn Chaos Knight began the quest for
                  | the Orb.
     0 | D:1      | Reached XP level 1. HP: 18/18 MP: 1/1
    53 | D:1      | XOM: silly message
   101 | D:1      | Reached skill level 1 in Dodging
   178 | D:1      | Gained mutation: Your demonic aura sometimes causes spilled
                  | blood to erupt in flames. [demonic ancestry]
   178 | D:1      | Reached XP level 2. HP: 24/24 MP: 2/2
   379 | D:1      | XOM: smoke on damage
   721 | D:1      | XOM: divination: detect creatures
   802 | D:2      | Gained mutation: You have a small tail. [demonic ancestry]
   802 | D:2      | Reached XP level 3. HP: 27/29 MP: 3/3
  1024 | D:2      | XOM: cast spell 'Olgreb's Toxic Radiance'
  1038 | D:2      | Reached skill level 1 in Unarmed Combat
  1043 | D:2      | Slain by a gnoll

Illustrated notes

Levels and vault maps discovered:
D:1:      kilobyte_arrival_exit_the_forest, layout_rooms,
          nicolae_figureground_pulse
D:2:      layout_basic, serial_shops, shop_fountains, basic_altar

Skill      XL: |  1  2  3 |
---------------+----------+-----
Dodging        | 1 |  1.4
Armour         | 2 |  2.2
Axes           | 3 |  3.0
Unarmed Combat | 1 |  1.0
Fighting       | |  3.2
Polearms       | |  0.4
Stealth        | |  0.7
Spellcasting   | |  0.7

Action                     || total
---------------------------++-------
  Melee: Hand axe          ||    82
         Tailslap          ||     1
    Use: Scroll            ||     2
         Potion            ||     1
   Stab: Paralysed         ||     1
         Confused          ||     1
 Armour: Leather armour    ||    53
  Dodge: Dodged            ||    69

Table legend: (Time is in decaauts)
 A = Elapsed time spent in this place.
 B = Non-inter-level travel time spent in this place.
 C = Inter-level travel time spent in this place.
 D = Time resting spent in this place.
 E = Time spent auto-exploring this place.
 F = Levels seen in this place.
 G = Mean time per level.
                   A        B        C        D        E       F      G
               +--------+--------+--------+--------+--------+-----+--------+
         Total |   1066 |   1034 |     32 |     81 |    707 |   2 |  533.0 |
       Dungeon |   1066 |   1034 |     32 |     81 |    707 |   2 |  533.0 |
               +--------+--------+--------+--------+--------+-----+--------+

Top non-repeatable levels by time:
     D:1: 809 daAuts
     D:2: 257 daAuts
